 Dungeon Crawl Stone Soup version 0.26-a0-597-gb535b0901c (webtiles) character file.

Game seed: 8891024128144934596

2170 HoaS the Cruncher (level 9, 0/64 HPs)
             Began as a Formicid Fighter on Aug 31, 2020.
             Slain by a killer bee (7 damage)
             ... in the Ecumenical Temple.
             The game lasted 00:14:54 (5642 turns).

HoaS the Cruncher (Formicid Fighter)                Turns: 5642, Time: 00:14:55

Health: 0/64       AC: 12    Str: 23    XL:     9   Next: 58%
Magic:  9/9        EV:  4    Int:  9    God:
Gold:   302        SH: 17    Dex: 10    Spells: 8/8 levels left

rFire    . . .     SeeInvis +   a - +2 quarterstaff
rCold    . . .     Faith    .   l - +0 tower shield
rNeg     . . .     Spirit   .   h - +0 plate armour
rPois    .         Reflect  .   (helmet unavailable)
rElec    .         Harm     .   (no cloak)
rCorr    +                      b - +0 pair of gloves
MR       .....                  (no boots)
Stlth    ..........             (no amulet)
HPRegen  0.20/turn              q - ring of resist corrosion
MPRegen  0.11/turn              (no ring)

@: lethally poisoned (0 -> -4), studying Dodging
A: permanent stasis, dig shafts and tunnels, four strong arms, antennae 3
a: Dig, Shaft Self


You were in the Ecumenical Temple.
You visited 2 branches of the dungeon, and saw 8 of its levels.

You collected 302 gold pieces.

Inventory:

Hand Weapons
 a - a +2 quarterstaff (weapon)
Armour
 b - a +0 pair of gloves (worn)
 h - a +0 plate armour (worn)
 l - a +0 tower shield (worn)
Jewellery
 q - a ring of resist corrosion (left hand)
Wands
 e - a wand of polymorph (1)
 o - a wand of paralysis (7)
 p - a wand of flame (17)
 r - a wand of iceblast (10)
Scrolls
 c - 3 scrolls of remove curse
 f - 9 scrolls of identify
 g - a scroll of magic mapping
Potions
 d - a potion of lignification
 i - 2 potions of stabbing
 m - a potion of flight
 n - a potion of cancellation
Books
 j - a manual of Dodging


   Skills:
 - Level 3.2 Fighting
 * Level 10.1 Staves
 - Level 3.2 Armour
 + Level 9.1 Shields


You had 8 spell levels left.
You didn't know any spells.
Your spell library was empty.

Dungeon Overview and Level Annotations

Branches:
Dungeon (7/15)             Temple (1/1) D:7

Altars:
Cheibriados
Dithmenos
Elyvilon
Fedhas
Kikubaaqudgha
Okawaru
Qazlal
Yredelemnul
Zin

Annotations:
D:4 1 runed translucent door


Innate Abilities, Weirdness & Mutations

You cannot be hasted, slowed, berserked, paralysed or teleported.
You can dig through walls and to a lower floor.
Your four strong arms can wield two-handed weapons with a shield.
You have a pair of large antennae on your head. (SInv)


Message History

The killer bee barely misses you. You block the killer bee's attack.
You feel better. You block the killer bee's attack. x2
The killer bee stings you.
* * * LOW HITPOINT WARNING * * *
You are poisoned.
The killer bee poisons you! You block the killer bee's attack.
You hit the killer bee but do no damage.
You feel sick. You block the killer bee's attack. The killer bee stings you!
* * * LOW HITPOINT WARNING * * *
You block the killer bee's attack.
The killer bee stings you but does no damage.
You closely miss the killer bee.
You feel sick. You block the killer bee's attack. x2
The killer bee stings you but does no damage.
You sock the killer bee!
The killer bee is heavily wounded.
The killer bee stings you but does no damage.
You block the killer bee's attack. The killer bee barely misses you.
The killer bee stings you!
You die...

.≈≈≈...........
≈≈≈......≈≈≈≈≈≈
≈≈.....≈≈≈≈≈≈≈≈
≈≈....≈≈≈≈≈....
≈≈....≈........
≈≈≈........≈≈≈≈
..≈≈≈.y.......≈
.......@.......
≈......y..≈≈≈..
≈≈≈≈........≈≈≈
........≈....≈≈
....≈≈≈≈≈....≈≈
≈≈≈≈≈≈≈≈.....≈≈
≈≈≈≈≈≈......≈≈≈
...........≈≈≈.


You could see 2 killer bees.

Vanquished Creatures
  Sigmund (D:2)
  3 sky beasts
  A black bear (D:5)
  An ogre (D:7)
  A phantom (D:6)
  3 centaurs
  2 bullfrogs
  A water moccasin zombie (D:4)
  2 killer bees
  4 wights (D:7)
  A howler monkey (D:5)
  A bullfrog zombie (D:5)
  A quasit (D:5)
  4 hounds
  2 orc priests (D:5)
  A centaur skeleton (D:4)
  2 orc wizards (D:5)
  6 worker ants
  A killer bee zombie (D:6)
  5 hound skeletons
  A worker ant zombie (D:5)
  A gnoll (D:5)
  6 adders
  A river rat (D:4)
  2 white imps
  An ufetubus (D:6)
  An ooze (D:3)
  An adder skeleton (D:7)
  3 worms
  A dart slug (D:1)
  The ghost of Sapher the Chiller, a weakling OpIE of Vehumet (D:4)
  4 leopard geckos
  13 orcs
  2 ball pythons (D:3)
  A giant cockroach (D:4)
  7 goblins
  7 hobgoblins
  5 jackals
  9 kobolds
  6 quokkas
  8 bats
  2 frilled lizards
  A leopard gecko skeleton (D:6)
  A leopard gecko zombie (D:6)
  A quokka skeleton (D:5)
  6 rats
  A bush (D:1)
136 creatures vanquished.

Vanquished Creatures (others)
  11 fungi (D:6)
11 creatures vanquished.

Grand Total: 147 creatures vanquished

Notes
Turn   | Place    | Note
-------+----------+-------------------------------------------
     0 | D:1      | HoaS the Formicid Fighter began the quest for the Orb.
     0 | D:1      | Reached XP level 1. HP: 18/18 MP: 1/1
   427 | D:1      | Reached XP level 2. HP: 24/24 MP: 2/2
   794 | D:2      | Noticed Sigmund
   805 | D:2      | Killed Sigmund
   805 | D:2      | Reached skill level 4 in Staves
   805 | D:2      | Reached skill level 5 in Shields
   805 | D:2      | Reached XP level 3. HP: 21/29 MP: 3/3
   805 | D:2      | Reached XP level 4. HP: 26/35 MP: 4/4
   805 | D:2      | Reached XP level 5. HP: 30/41 MP: 5/5
  1101 | D:2      | Reached XP level 6. HP: 47/47 MP: 6/6
  1594 | D:3      | Found a snail-covered altar of Cheibriados.
  1698 | D:3      | Reached skill level 5 in Staves
  1940 | D:3      | Found a basalt altar of Yredelemnul.
  2287 | D:3      | Found a white marble altar of Elyvilon.
  2545 | D:4      | Found a stormy altar of Qazlal.
  2599 | D:4      | Found a blossoming altar of Fedhas.
  2699 | D:4      | Found a runed translucent door.
  2742 | D:4      | Found a white marble altar of Elyvilon.
  2743 | D:4      | Found a runed translucent door.
  2743 | D:4      | Noticed an angel
  2823 | D:4      | Noticed Sapher's ghost (weakling OpIE)
  2917 | D:4      | Reached XP level 7. HP: 43/52 MP: 7/7
  3095 | D:4      | Reached skill level 6 in Staves
  3163 | D:4      | Found a runed translucent door.
  3321 | D:4      | Killed Sapher's ghost
  3389 | D:5      | Entered Level 5 of the Dungeon
  3532 | D:5      | Found a shadowy altar of Dithmenos.
  3637 | D:5      | Reached skill level 7 in Staves
  3637 | D:5      | Reached XP level 8. HP: 52/58 MP: 8/8
  4558 | D:5      | Reached skill level 8 in Staves
  4754 | D:6      | Reached XP level 9. HP: 57/64 MP: 9/9
  4903 | D:6      | Reached skill level 9 in Staves
  4958 | D:6      | Found an iron altar of Okawaru.
  4987 | D:6      | Found a glowing silver altar of Zin.
  5347 | D:6      | Found an ancient bone altar of Kikubaaqudgha.
  5539 | D:7      | Reached skill level 10 in Staves
  5619 | D:7      | Found a staircase to the Ecumenical Temple.
  5637 | Temple   | Entered the Ecumenical Temple
  5642 | Temple   | Slain by a killer bee

Illustrated notes

Levels and vault maps discovered:
D:1:      grunt_arrival_crossed_arrows, layout_rooms, minmay_hedge_maze,
          minmay_crystal_water
D:2:      layout_basic, uniq_sigmund
D:3:      wad_river_or_something, layout_loops_ring, kennysheep_ying_yang,
          cheibriados_altar_1
D:4:      layout_rooms, grunt_temple_overflow_forces_of_nature,
          ebering_ghost_sewer_f, lemuel_angel_altar
D:5:      layout_gridville, nicolae_dithmenos_shadow_blocks,
          minmay_manual_monstrance
D:6:      minmay_diamond_boxcup, layout_rooms, nicolae_overflow_hidden_temple,
          okawaru_gym_becter, kiku_gazebo_pond_becter, serial_aquarium,
          aquarium_bridge_square [aquarium_subvault_wall,
          aquarium_subvault_balcony, aquarium_subvault_bridge,
          aquarium_subvault_balcony], aquarium_bridge_square
          [aquarium_subvault_bridge, aquarium_subvault_wall,
          aquarium_subvault_window, aquarium_subvault_wall],
          aquarium_window_fake, aquarium_window_1, aquarium_view_2e
D:7:      layout_loops_ring, temple_statues
Temple:   hc_temple_tempest_star

Skill      XL: |  1  2  3  4  5  6  7  8  9 |
---------------+----------------------------+-----
Shields        | 5 6 8 9 |  9.1
Staves         | 4 5 7 8 10 | 10.1
Fighting       | |  3.2
Armour         | |  3.2

Action                   |  1- 3 |  4- 6 |  7- 9 || total
-------------------------+-------+-------+-------++-------
Melee: Quarterstaff      |   101 |   192 |   357 ||   650
       Unarmed           |       |     2 |       ||     2
Throw: Stone             |     2 |       |       ||     2
 Abil: Dig               |       |     2 |     6 ||     8
  Use: Potion            |     1 |       |     2 ||     3
       Scroll            |     2 |     6 |    10 ||    18
Armor: Scale mail        |    19 |       |       ||    19
       Plate armour      |     3 |    86 |   158 ||   247
Dodge: Dodged            |    11 |    30 |    49 ||    90
Block: Kite shield       |    21 |    83 |     5 ||   109
       Tower shield      |       |       |   298 ||   298

Table legend: (Time is in decaauts)
 A = Elapsed time spent in this place.
 B = Non-inter-level travel time spent in this place.
 C = Inter-level travel time spent in this place.
 D = Time resting spent in this place.
 E = Time spent auto-exploring this place.
 F = Levels seen in this place.
 G = Mean time per level.
                   A        B        C        D        E       F      G
               +--------+--------+--------+--------+--------+-----+--------+
         Total |   5692 |   5490 |    202 |    704 |   3446 |   8 |  711.5 |
       Dungeon |   5688 |   5486 |    202 |    704 |   3446 |   7 |  812.6 |
        Temple |      4 |      4 |      0 |      0 |      0 |   1 |    4.0 |
               +--------+--------+--------+--------+--------+-----+--------+

Top non-repeatable levels by time:
     D:5: 1204 daAuts
     D:3: 988 daAuts
     D:2: 854 daAuts
     D:4: 810 daAuts
     D:1: 793 daAuts
     D:6: 778 daAuts
     D:7: 258 daAuts
  Temple: 4 daAuts
